 Dungeon Crawl Stone Soup version 0.24.0-37-gcf1ca852f1 (webtiles) character file.

Game seed: 8911941061488557061, levelgen mode: deterministic

12277 PentaManta the Slinger (level 12, -5/77 HPs)
             Began as a Halfling Hunter on Dec 6, 2019.
             Was an Elder of Okawaru.
             Splashed by a brown ugly thing's acid (8 damage)
             ... on level 10 of the Dungeon.
             The game lasted 00:35:00 (11165 turns).

PentaManta the Slinger (Halfling Hunter)           Turns: 11165, Time: 00:35:00

Health: -5/77      AC:  4    Str: 17    XL:     12   Next: 18%
Magic:  11/12      EV: 28    Int:  9    God:    Okawaru [****..]
Gold:   586        SH:  2    Dex: 16    Spells: 11/11 levels left

rFire    . . .     SeeInvis .   K - +0 hand crossbow
rCold    . . .     Gourm    .   (shield restricted)
rNeg     . . .     Faith    .   P - +2 troll leather armour {Snorg}
rPois    .         Spirit   .   (no helmet)
rElec    .         Reflect  +   B - +2 cloak
rCorr    .         Harm     .   x - +0 pair of gloves
MR       .....                  d - +0 pair of boots
Stlth    +++++.....             z - +2 amulet of reflection
HPRegen  0.62/turn              N - ring of flight
MPRegen  0.13/turn              M - +5 ring of evasion

@: corroded
A: small, mutation resistance 1
a: Heroism, Renounce Religion, Evoke Flight


You were on level 10 of the Dungeon.
You worshipped Okawaru.
Okawaru was greatly pleased with you.
You were hungry.

You visited 1 branch of the dungeon, and saw 11 of its levels.
You also visited: Ossuary.

You collected 586 gold pieces.

Inventory:

Hand Weapons
 a - a +1 hunting sling
 j - a +3 dagger of venom
 K - a +0 hand crossbow (weapon)
Missiles
 l - 19 sling bullets
 r - 111 bolts (quivered)
 t - 97 stones
Armour
 d - a +0 pair of boots (worn)
 x - a +0 pair of gloves (worn)
 A - a +2 leather armour of poison resistance
 B - a +2 cloak (worn)
 H - a +2 robe of cold resistance
 P - a +2 troll leather armour (worn) {Snorg}
Jewellery
 h - an uncursed amulet of the acrobat
 k - an uncursed ring of ice
 v - an uncursed amulet of rage
 z - a +2 amulet of reflection (around neck)
 M - a +5 ring of evasion (right hand)
 N - a ring of flight (left hand)
Wands
 b - a wand of enslavement (11)
 p - a wand of polymorph (18)
 y - a wand of random effects (16)
 F - a wand of digging (4)
 G - a wand of flame (34)
 I - a wand of acid (3)
 J - a wand of iceblast (6)
Scrolls
 e - a scroll of vulnerability {unknown}
 g - a scroll of magic mapping
 m - 2 scrolls of enchant weapon
 s - 6 scrolls of teleportation
 u - 2 scrolls of identify
 w - a scroll of fog
 L - 2 scrolls of blinking
 S - a scroll of torment {unknown}
Potions
 c - 5 potions of haste
 i - 2 potions of flight
 n - 3 potions of curing
 o - 2 potions of brilliance
 q - 3 potions of invisibility
 C - 3 potions of ambrosia
 D - a potion of lignification
 E - 3 potions of magic {unknown}
 O - a potion of cancellation {unknown}
 Q - a potion of mutation {unknown}
 R - 2 potions of resistance {unknown}
Comestibles
 f - 16 rations


   Skills:
 + Level 5.0 Fighting
 - Level 12.1 Slings
 * Level 8.1 Crossbows
 + Level 4.5 Armour
 + Level 11.2 Dodging
 - Level 11.0 Stealth


You had 11 spell levels left.
You didn't know any spells.
Your spell library contained the following spells:

 Spells                   Type           Power        Failure   Level  Hunger
 Animate Skeleton         Necr           N/A          43%         1    ##.....
 Apportation              Tloc           #.....       43%         1    ##.....
 Confusing Touch          Hex            #.....       43%         1    ##.....
 Sandblast                Erth           #.....       43%         1    ##.....
 Summon Small Mammal      Summ           #...         43%         1    ##.....
 Passwall                 Tmut/Erth      #.......     58%         2    ###....
 Confuse                  Hex            #.......     82%         3    ####...
 Gell's Gravitas          Tloc           #.........   82%         3    ####...
 Stone Arrow              Conj/Erth      #.....       82%         3    ####...
 Petrify                  Tmut/Erth      #.......     99%         4    #####..
 Lee's Rapid Deconstruct  Erth           #.........   100%        5    ######.
 Metabolic Englaciation   Hex/Ice        #.........   100%        5    ######.
 Yara's Violent Unravell  Hex/Tmut       #.........   100%        5    ######.


Dungeon Overview and Level Annotations

Branches:
Dungeon (11/15)            Temple (0/1) D:6             Orc (0/2) D:9
Ossuary (visited)
   Lair: D:8-11

Altars:
Ashenzari
Cheibriados
Elyvilon
Kikubaaqudgha
Nemelex Xobeh
Okawaru
Sif Muna
Trog
Uskayaw
Vehumet
Xom
Yredelemnul
Zin

Shops:
D:11 =

Annotations:
D:8 2 transporters, Exporg's ghost, novice GrFi


Innate Abilities, Weirdness & Mutations

You are small and have problems with some larger weapons.
You are somewhat resistant to further mutation.


Message History

You feel like a meek peon again.
The brown ugly thing tentacle-slaps you!
* * * LOW HITPOINT WARNING * * *
You are splashed with acid!
* * * LOW HITPOINT WARNING * * *
Firing (i - inventory. (/) - cycle)
r - 113 bolts (quivered)
Press: ? - help, Shift-Dir - straight line, f/p - brown ugly thing
Aim: a brown ugly thing (almost dead, poisoned)
You shoot a bolt.
The bolt completely misses the brown ugly thing.
The brown ugly thing completely misses you.
Firing (i - inventory. (/) - cycle)
r - 112 bolts (quivered)
Press: ? - help, Shift-Dir - straight line, f/p - brown ugly thing
Aim: a brown ugly thing (almost dead, poisoned)
You shoot a bolt. The bolt hits the brown ugly thing.
The brown ugly thing is almost dead.
The brown ugly thing tentacle-slaps you!
* * * LOW HITPOINT WARNING * * *
You are splashed with acid!
You die...

......#+#####...............#....
............................'....
...†........[...............#....
............................#....
#######...).................#....
########.........####.#....
#.........# #.#.... #.........#
#.#.... #(u@......# #.#####
########### #...... #######


You could see a brown ugly thing.

Vanquished Creatures
  Snorg (D:10)
  A two-headed ogre (D:11)
  Pikel (D:4)
  2 cyclopes
  A deep elf mage (D:7)
  Joseph (D:9)
  Maurice (D:9)
  Psyche (D:9)
  4 centaur skeletons
  4 gargoyles (D:7)
  A komodo dragon (D:11)
  A troll (D:10)
  A hornet (D:10)
  Sigmund (D:4)
  A wyvern (D:7)
  4 yaks
  Duvessa (D:5)
  A sky beast (D:5)
  4 black bears
  4 orc warriors
  An ice beast (D:10)
  A slave (D:5)
  3 phantoms
  3 ogres
  A centaur (D:10)
  A crocodile (D:10)
  8 bullfrogs
  Blork the orc (D:6)
  2 wyvern zombies
  Dowan (D:5)
  5 killer bees (D:7)
  4 wights (D:11)
  4 howler monkeys
  5 crimson imps
  5 centaur zombies
  3 jellies
  A quasit (D:9)
  2 orc priests
  8 hounds
  13 orc wizards
  Crazy Yiuf (D:2)
  Ijyb (D:4)
  Jessica (D:7)
  2 iguanas
  Natasha (thrice) (D:2)
  7 worker ants
  2 killer bee zombies
  A big kobold zombie (Ossuary)
  A hound skeleton (D:10)
  2 mummies (Ossuary)
  10 adders
  2 howler monkey skeletons
  2 shadow imps (D:6)
  An adder zombie (Ossuary)
  2 adder skeletons
  2 dart slugs (D:3)
  3 leopard geckos
  48 orcs
  5 giant cockroaches
  13 goblins
  16 hobgoblins
  11 jackals
  5 quokkas
  2 ball pythons
  3 bats
  5 frilled lizards
  A goblin zombie (Ossuary)
  13 hobgoblin zombies (Ossuary)
  4 jackal zombies
  8 kobolds
  7 kobold zombies (Ossuary)
  5 orc zombies (Ossuary)
  A quokka skeleton (D:4)
  A quokka zombie (D:9)
  3 rats
  2 rat zombies (Ossuary)
304 creatures vanquished.

Vanquished Creatures (others)
  2 orcs (D:5)
2 creatures vanquished.

Grand Total: 306 creatures vanquished

Notes
Turn   | Place    | Note
-------+----------+-------------------------------------------
     0 | D:1      | PentaManta the Halfling Hunter began the quest for the Orb.
     0 | D:1      | Reached XP level 1. HP: 14/14 MP: 1/1
    43 | D:1      | Reached skill level 6 in Slings
    46 | D:1      | Reached XP level 2. HP: 16/19 MP: 2/2
   501 | D:1      | Reached XP level 3. HP: 24/24 MP: 3/3
   840 | D:2      | Noticed Natasha
   843 | D:2      | Killed Natasha
   843 | D:2      | Reached XP level 4. HP: 22/29 MP: 4/4
   850 | D:2      | Noticed Natasha
   856 | D:2      | Killed Natasha
   943 | D:2      | Found a shattered altar of Ashenzari.
   988 | D:2      | Found a snail-covered altar of Cheibriados.
  1048 | D:2      | Found a runed translucent door.
  1049 | D:2      | Noticed Crazy Yiuf
  1093 | D:2      | Noticed Natasha
  1096 | D:2      | Reached XP level 5. HP: 34/34 MP: 5/5
  1102 | D:2      | Killed Natasha
  1102 | D:2      | Reached skill level 7 in Slings
  1422 | D:2      | Killed Crazy Yiuf
  1699 | D:3      | Reached XP level 6. HP: 27/39 MP: 6/6
  1981 | D:4      | Noticed Sigmund
  1991 | D:4      | Killed Sigmund
  1991 | D:4      | Reached skill level 8 in Slings
  1991 | D:4      | Reached XP level 7. HP: 41/44 MP: 7/7
  2323 | D:3      | Found a sparkling altar of Nemelex Xobeh.
  2400 | D:4      | Reached skill level 5 in Dodging
  2400 | D:4      | Reached skill level 5 in Stealth
  2453 | D:4      | Noticed Ijyb
  2466 | D:5      | Entered Level 5 of the Dungeon
  2675 | D:4      | Killed Ijyb
  2758 | D:4      | Noticed Pikel
  2788 | D:4      | Killed Pikel
  2788 | D:4      | Reached skill level 9 in Slings
  2788 | D:4      | Reached XP level 8. HP: 28/49 MP: 8/8
  2995 | D:4      | Found a basalt altar of Yredelemnul.
  3174 | D:5      | Found a radiant altar of Vehumet.
  3249 | D:5      | Reached skill level 10 in Slings
  3335 | D:5      | Noticed Duvessa
  3335 | D:5      | Noticed Dowan
  3346 | D:5      | Killed Duvessa
  3355 | D:5      | Killed Dowan
  3355 | D:5      | Reached XP level 9. HP: 27/54 MP: 9/9
  3363 | D:5      | Found an ancient bone altar of Kikubaaqudgha.
  4357 | D:6      | Found a sand-covered staircase.
  4365 | Ossuary  | Entered an ossuary
  4770 | D:6      | Found a radiant altar of Vehumet.
  4822 | D:6      | Noticed Blork the orc
  4844 | D:6      | Killed Blork the orc
  4888 | D:6      | Reached skill level 11 in Slings
  5160 | D:6      | Found a staircase to the Ecumenical Temple.
  6071 | D:7      | Noticed Jessica
  6075 | D:7      | Killed Jessica
  6105 | D:7      | Found a shimmering blue altar of Sif Muna.
  6429 | D:7      | Found a hide-covered altar of Uskayaw.
  6430 | D:7      | Found an iron altar of Okawaru.
  6441 | D:7      | Found a shimmering altar of Xom.
  6445 | D:7      | Became a worshipper of Warmaster Okawaru
  6456 | D:7      | Found a glowing silver altar of Zin.
  6586 | D:7      | Noticed a gargoyle
  6592 | D:7      | Killed a gargoyle
  6592 | D:7      | Reached skill level 12 in Slings
  6592 | D:7      | Reached XP level 10. HP: 29/60 MP: 10/10
  6752 | D:7      | Noticed a gargoyle
  6756 | D:7      | Killed a gargoyle
  6763 | D:7      | Noticed a gargoyle
  6772 | D:7      | Killed a gargoyle
  6772 | D:7      | Reached * piety under Okawaru
  6772 | D:7      | Reached skill level 10 in Stealth
  6906 | D:7      | Noticed a deep elf mage
  6910 | D:7      | Killed a deep elf mage
  7352 | D:7      | Noticed a gargoyle
  7361 | D:7      | Killed a gargoyle
  7361 | D:7      | Reached ** piety under Okawaru
  7361 | D:7      | Reached skill level 1 in Crossbows
  7411 | D:7      | Reached skill level 10 in Dodging
  7533 | D:8      | Noticed a moth of wrath
  7534 | D:8      | Noticed Exporg's ghost (novice GrFi)
  7646 | D:8      | Found a transporter.
  7922 | D:8      | Found a shimmering blue altar of Sif Muna.
  7984 | D:8      | Found a transporter.
  8058 | D:8      | Reached XP level 11. HP: 63/66 MP: 11/11
  8097 | D:8      | Found a bloodstained altar of Trog.
  8427 | D:8      | Reached *** piety under Okawaru
  8557 | D:9      | Received a gift from Okawaru
  8669 | D:9      | Found a staircase to the Orcish Mines.
  8725 | D:9      | Noticed Maurice
  8762 | D:9      | Killed Maurice
  8762 | D:9      | Reached skill level 1 in Armour
  8830 | D:9      | Reached skill level 5 in Crossbows
  9004 | D:9      | Found a white marble altar of Elyvilon.
  9188 | D:9      | Noticed Joseph
  9213 | D:9      | Killed Joseph
  9239 | D:9      | Noticed Psyche
  9256 | D:9      | Killed Psyche
  9311 | D:9      | Noticed a cyclops
  9332 | D:9      | Killed a cyclops
  9673 | D:10     | Entered Level 10 of the Dungeon
  9869 | D:10     | Reached **** piety under Okawaru
 10031 | D:10     | Noticed Snorg
 10075 | D:10     | Killed Snorg
 10075 | D:10     | Received a gift from Okawaru
 10610 | D:11     | Found Irpherooss's Jewellery Emporium.
 10757 | D:10     | Received a gift from Okawaru
 10855 | D:11     | Reached XP level 12. HP: 75/75 MP: 12/12
 10869 | D:11     | Noticed a two-headed ogre
 10887 | D:11     | Killed a two-headed ogre
 10887 | D:11     | Received a gift from Okawaru
 11018 | D:11     | Reached skill level 5 in Fighting
 11165 | D:10     | HP: 3/77 [brown ugly thing (7)]
 11165 | D:10     | Splashed by a brown ugly thing's acid

Levels and vault maps discovered:
D:1:      erik_arrival_cave_to_civilisation [erik_arrival_cave_to_hall],
          layout_basic, kennysheep_another_room, minmay_tall_x
D:2:      layout_rooms, nicolae_overflow_crystal_walls, evilmike_ruin_ashenzari,
          uniq_natasha, uniq_crazy_yiuf_cottage
D:3:      layout_rooms, lemuel_coloured_pillars_altar, st_stairs_8,
          minmay_quantized
D:4:      layout_rooms, yredelemnul_altar_generic, st_stairs_7,
          roderic_roman_lattice, uniq_ijyb, uniq_sigmund, uniq_pikel
D:5:      layout_rooms, kennysheep_little_box, kiku_gazebo_garden_becter,
          first_ration, lemuel_flame_loot_1, uniq_duvessa
D:6:      layout_basic, minmay_temple_entry_wispy, nicolae_ossuary_entry_plus,
          vehumet_altar_wand_db, uniq_blork_the_orc
D:7:      cheibrodos_statue_roulette, layout_rooms, tgw_sif,
          nicolae_overflow_quartered_altars, guppyfry_early_elven_hall
D:8:      kennysheep_orc_sif_temple, layout_rooms, trog_ov_bears_minmay,
          gammafunk_ghost_berserking_beasts
D:9:      layout_roguey, elyvilon_altar_5, orc_0_dummy, uniq_maurice,
          uniq_psyche, uniq_joseph
D:10:     layout_irregular_city, uniq_snorg
D:11:     layout_rooms, lair_entry_dummy, serial_shops, shop,
          hangedman_little_slice_of_home, wad_scary_box

Skill      XL: |  1  2  3  4  5  6  7  8  9 10 11 12 |
---------------+-------------------------------------+-----
Slings         | 6 7 8 9 10 12 | 12.1
Stealth        | 2 3 4 6 7 9 10 11 | 11.0
Dodging        | 3 4 6 8 10 11 | 11.2
Fighting       | 2 4 5 |  5.0
Crossbows      | 3 7 8 |  8.1
Armour         | 3 4 |  4.5

Action                   |  1- 3 |  4- 6 |  7- 9 | 10-12 || total
-------------------------+-------+-------+-------+-------++-------
Melee: Dagger            |       |    40 |    53 |    90 ||   183
       Hunting sling     |       |       |       |     2 ||     2
 Fire: Hunting sling     |    59 |   119 |   580 |   760 ||  1518
       Hand crossbow     |       |       |       |    12 ||    12
Invok: Heroism           |       |       |       |     3 ||     3
Evoke: Wand              |       |       |     2 |    15 ||    17
  Use: Scroll            |       |       |     2 |    16 ||    18
       Potion            |       |       |     1 |     1 ||     2
 Stab: Sleeping          |       |     2 |       |     1 ||     3
       Distracted        |       |     1 |       |       ||     1
       Paralysed         |       |       |       |     1 ||     1
       Invisible         |       |       |       |     4 ||     4
  Eat: Chunk             |       |     3 |    10 |     9 ||    22
       Ration            |       |       |     1 |     1 ||     2
Armor: Leather armour    |     1 |    11 |    56 |    32 ||   100
       Troll leather arm |       |       |       |    27 ||    27
Dodge: Dodged            |     7 |    60 |   276 |   405 ||   748
Block: Other             |       |       |       |    16 ||    16
